[Event "Titled Tuesday Blitz August 22 Late 2023"]
[White "Sargsyan, Shant"]
[Black "Shuvalova, Polina"]
[WhiteFideId "13306766"]
[BlackFideId "24171760"]
[WhiteElo "2919"]
[BlackElo "2666"]
[Result "1-0"]
[Round "7"]
[TimeControl "180+1"]
[Date "2023.08.22"]
[WhiteClock "0:01:14"]
[BlackClock "0:01:03"]
[Board "23"]

1. c4 e6 2. Nc3 d5 3. d4 Nf6 4. Bg5 Be7 5. e3 h6 6. Bxf6 Bxf6 7. Nf3 O-O 8. Rc1 c6 9. Bd3 Nd7 10. O-O dxc4 11. Bxc4 c5 12. Ne4 cxd4 13. Nxd4 Ne5 14. Bb3 Bd7 15. Qh5 Nd3 16. Rcd1 Bxd4 17. Rxd3 Bxb2 18. Rfd1 Bc6 19. Rxd8 Raxd8 20. Ng3 Bf6 21. h3 b5 22. Rc1 Rd6 23. Qc5 Rfd8 24. Qxa7 Bb2 25. Rb1 Be5 26. Qc5 Bxg3 27. fxg3 Be4 28. Rb2 Rd2 29. Rxd2 Rxd2 30. Qe5 Rxg2+ 31. Kf1 Bf3 32. Qb8+ Kh7 33. Qf4 1-0


[Site "https://www.chess.com"]

[Event "Titled Tuesday Blitz August 22 Late 2023"]
[White "Elsa167"]
[Black "Tologon tegin, Semetei"]
[BlackFideId "13800574"]
[WhiteElo "2890"]
[BlackElo "2615"]
[Result "1-0"]
[Round "7"]
[TimeControl "180+1"]
[Date "2023.08.22"]
[WhiteClock "0:00:12"]
[BlackClock "0:00:00"]
[Board "24"]

1. d4 d5 2. c4 e6 3. Nf3 Nf6 4. Nc3 Nbd7 5. cxd5 exd5 6. Bg5 c6 7. e3 Be7 8. Bd3 O-O 9. Qc2 Re8 10. O-O Nf8 11. h3 Be6 12. Rae1 Rc8 13. a3 a6 14. Bf4 c5 15. dxc5 Bxc5 16. Rd1 Be7 17. Nd4 Qa5 18. Qb3 b5 19. Rc1 Red8 20. Na2 Qb6 21. Nb4 Qb7 22. Nbc6 Re8 23. Rc2 Ne4 24. Rfc1 Bf6 25. Bh2 Kh8 26. Nxe6 Nxe6 27. Qxd5 N6c5 28. Rxc5 Nxc5 29. Rxc5 Bxb2 30. Bg3 Re6 31. Nd4 Qxd5 32. Rxc8+ 1-0


[Site "https://www.chess.com"]

[Event "Titled Tuesday Blitz August 22 Late 2023"]
[White "Rustemov, Alexander"]
[Black "Erzhanov, Arman"]
[WhiteFideId "4119002"]
[BlackFideId "4138821"]
[WhiteElo "2871"]
[BlackElo "2610"]
[Result "1-0"]
[Round "7"]
[TimeControl "180+1"]
[Date "2023.08.22"]
[WhiteClock "0:00:33"]
[BlackClock "0:00:00"]
[Board "25"]

1. d4 d6 2. Nf3 g6 3. g3 Bg7 4. Bg2 Nd7 5. c4 e5 6. Nc3 Ne7 7. O-O O-O 8. Rb1 Nc6 9. d5 Ne7 10. e4 h6 11. Ne1 f5 12. Nd3 g5 13. exf5 Nxf5 14. Ne4 Nf6 15. h3 Nxe4 16. Bxe4 Nd4 17. g4 Qf6 18. f3 Bd7 19. Be3 Rae8 20. Kg2 c5 21. b3 b6 22. Nc1 Re7 23. Ne2 Rb8 24. Ng3 Be8 25. a4 a6 26. b4 Reb7 27. Rf2 Bd7 28. Rfb2 Bc8 29. Nh5 Qe7 30. h4 a5 31. b5 Bd7 32. hxg5 hxg5 33. Qd2 Bh6 34. Rh1 Rf8 35. Rh3 Qf7 36. Rb1 Qe7 37. Rbh1 Be8 38. Ng3 Bg7 39. Bxg5 Qf7 40. Nf5 Nxf5 41. Bxf5 Qc7 42. Qd3 Rxf5 43. Qxf5 Qf7 44. Qc8 Rc7 45. Qe6 1-0


[Site "https://www.chess.com"]

[Event "Titled Tuesday Blitz August 22 Late 2023"]
[White "Leiva, Gianmarco"]
[Black "Roebers, Eline"]
[WhiteFideId "3804399"]
[BlackFideId "1058401"]
[WhiteElo "2758"]
[BlackElo "2583"]
[Result "1-0"]
[Round "7"]
[TimeControl "180+1"]
[Date "2023.08.22"]
[WhiteClock "0:00:38"]
[BlackClock "0:00:56"]
[Board "26"]

1. e4 c5 2. Nf3 e6 3. c3 Nf6 4. Bd3 d5 5. e5 Nfd7 6. O-O Nc6 7. Bb5 Qc7 8. Re1 a6 9. Bxc6 Qxc6 10. d4 h6 11. Be3 g5 12. dxc5 Bxc5 13. Bxc5 Nxc5 14. Nd4 Qb6 15. Nb3 Bd7 16. Qd4 Rc8 17. N1d2 Qb5 18. Nxc5 Rxc5 19. a4 Qb6 20. Rad1 Rc6 21. Ne4 Qxd4 22. Nf6+ Ke7 23. Rxd4 Rb6 24. Re2 Rc8 25. h4 Rc4 26. Rxd5 Bxa4 27. Red2 Rxh4 28. Rd7+ Bxd7 29. Rxd7+ Kf8 30. Rd8+ Kg7 31. Rg8# 1-0


[Site "https://www.chess.com"]

[Event "Titled Tuesday Blitz August 22 Late 2023"]
[White "Akobian, Varuzhan"]
[Black "Glavina, Pablo"]
[WhiteFideId "13300580"]
[BlackFideId "100234"]
[WhiteElo "2746"]
[BlackElo "2544"]
[Result "0-1"]
[Round "7"]
[TimeControl "180+1"]
[Date "2023.08.22"]
[WhiteClock "0:00:00"]
[BlackClock "0:00:05"]
[Board "27"]

1. d4 Nf6 2. c4 e6 3. Nf3 b6 4. a3 Bb7 5. Nc3 d5 6. Bg5 Be7 7. Bxf6 Bxf6 8. cxd5 exd5 9. e3 O-O 10. Bd3 c5 11. O-O cxd4 12. Nxd4 Nc6 13. Nce2 Ne5 14. Rc1 Nxd3 15. Qxd3 Qd7 16. Rc3 Rac8 17. h3 g6 18. Rd1 Kg7 19. Rxc8 Rxc8 20. Nc3 Rc4 21. Nde2 Qc6 22. Nd4 Bxd4 23. exd4 Qf6 24. Qe3 h5 25. Ne2 Rc2 26. Rd2 Rxd2 27. Qxd2 Qf5 28. Nc3 Bc8 29. Qe2 Be6 30. Kf1 Kh7 31. Ke1 Qf4 32. Qe3 Qh2 33. Qg3 Qg1+ 34. Kd2 Qa1 35. Nd1 Bf5 36. Qc7 Kg7 37. Qe5+ Kh7 38. Qxd5 Be6 39. Qb5 Qa2 40. Nc3 Qa1 41. d5 Bf5 42. Nd1 Qb1 43. f3 Qc2+ 44. Ke1 Qxg2 45. Qe2 Qg1+ 46. Kd2 Qd4+ 47. Ke1 Qxd5 48. h4 Qd6 49. Ne3 Qg3+ 50. Kd2 Qxh4 51. Nxf5 gxf5 52. Qc4 Qxc4 0-1


[Site "https://www.chess.com"]

[Event "Titled Tuesday Blitz August 22 Late 2023"]
[White "Kuzmicz, Krystian"]
[Black "Shohat, Yotam"]
[WhiteFideId "1119125"]
[BlackFideId "2813955"]
[WhiteElo "2741"]
[BlackElo "2466"]
[Result "1/2-1/2"]
[Round "7"]
[TimeControl "180+1"]
[Date "2023.08.22"]
[WhiteClock "0:00:17"]
[BlackClock "0:00:20"]
[Board "28"]

1. e4 e5 2. Bc4 Nf6 3. Qf3 Nc6 4. Ne2 Bc5 5. Nbc3 d6 6. d3 Be6 7. Bg5 Nd4 8. Nxd4 Bxd4 9. Bb3 c6 10. O-O-O Bxb3 11. axb3 Qe7 12. Ne2 Bb6 13. Ng3 Qe6 14. Nf5 Rg8 15. Nxg7+ Rxg7 16. Bxf6 Rg6 17. Bh4 a5 18. c4 Bc5 19. Kc2 Qg4 20. Qxg4 Rxg4 21. Bg3 h5 22. f3 Rg6 23. Rd2 Kd7 24. Be1 a4 25. bxa4 Rxa4 26. g3 Ra1 27. Rd1 Ra2 28. Bc3 h4 29. g4 h3 30. Ra1 Rxa1 31. Rxa1 Rf6 32. Rf1 Ke6 33. Be1 d5 34. Bh4 Rh6 35. Bg3 Be3 36. Re1 Bd4 37. exd5+ cxd5 38. f4 f6 39. g5 fxg5 40. fxe5 Rh7 41. Rf1 dxc4 42. dxc4 Rf7 43. Rxf7 Kxf7 44. b4 Ke6 45. Kd3 Bxe5 46. Bxe5 Kxe5 47. Ke3 g4 48. b5 b6 49. Kf2 Kd4 50. Kg3 Kxc4 51. Kxg4 Kxb5 52. Kxh3 Kc4 53. Kg4 b5 54. h4 b4 55. h5 b3 56. h6 b2 57. h7 b1=Q 58. h8=Q Qg1+ 59. Kf3 Qf1+ 60. Kg3 Qe1+ 61. Kg2 Qe2+ 62. Kg1 Qe1+ 63. Kg2 Qe2+ 64. Kg1 Qg4+ 65. Kh1 Qf3+ 66. Kh2 1/2-1/2


[Site "https://www.chess.com"]

[Event "Titled Tuesday Blitz August 22 Late 2023"]
[White "Skvortsov, Andrei"]
[Black "Deac, Bogdan-Daniel"]
[WhiteFideId "24108600"]
[BlackFideId "1226380"]
[WhiteElo "2674"]
[BlackElo "3033"]
[Result "0-1"]
[Round "7"]
[TimeControl "180+1"]
[Date "2023.08.22"]
[WhiteClock "0:00:00"]
[BlackClock "0:00:25"]
[Board "29"]

1. e4 d5 2. e5 c5 3. c3 Bf5 4. d4 e6 5. Bd3 Bxd3 6. Qxd3 Qa5 7. dxc5 Qxc5 8. Nf3 Nc6 9. O-O Nge7 10. b4 Qb6 11. Be3 Qc7 12. Re1 Ng6 13. Bd4 Nxd4 14. Nxd4 Rc8 15. Nd2 Be7 16. N2f3 O-O 17. Rac1 Bxb4 18. Nb5 Qc5 19. Nxa7 Qxa7 20. cxb4 Qxa2 21. Qb5 Qa6 22. Qd7 Rxc1 23. Rxc1 Nf4 24. Rb1 Ne2+ 25. Kh1 Nc3 26. Re1 Qb6 27. h3 Qxb4 28. Ra1 Ne4 29. Ra7 Nxf2+ 30. Kg1 Nxh3+ 31. Kh2 Ng5 32. Nxg5 Qf4+ 33. g3 Qxg5 34. Qd6 Qh5+ 35. Kg2 Qe2+ 36. Kh3 Qf1+ 37. Kg4 Qf5+ 38. Kh4 g5+ 39. Kh5 h6 40. Ra4 Qh3+ 0-1


[Site "https://www.chess.com"]

[Event "Titled Tuesday Blitz August 22 Late 2023"]
[White "Bortnyk, Olexandr"]
[Black "Arias, Juan Cruz"]
[WhiteFideId "14120828"]
[BlackFideId "118540"]
[WhiteElo "3020"]
[BlackElo "2668"]
[Result "0-1"]
[Round "7"]
[TimeControl "180+1"]
[Date "2023.08.22"]
[WhiteClock "0:00:00"]
[BlackClock "0:01:43"]
[Board "30"]

1. d4 d5 2. Nc3 Nf6 3. Bf4 c5 4. e4 Nxe4 5. Nxe4 dxe4 6. dxc5 Qa5+ 7. c3 Qxc5 8. Qa4+ Nc6 9. Qxe4 g6 10. Nf3 Bf5 11. Qa4 Bg7 12. Rd1 O-O 13. Be3 Qa5 14. Qxa5 Nxa5 15. Be2 e5 16. O-O Be6 17. b3 h6 18. c4 f5 19. Rd6 Rfe8 20. Rfd1 Bf8 21. Nxe5 Bxd6 22. Rxd6 Kg7 23. b4 Nc6 24. Nxc6 bxc6 25. Rxc6 Rac8 26. Rxc8 Rxc8 27. Bc5 a5 28. a3 axb4 29. axb4 Ra8 30. h4 Ra2 31. Bd3 Rd2 32. Bf1 Rd1 33. b5 Bxc4 34. b6 Rxf1+ 35. Kh2 Rb1 36. Kg3 Bd5 37. f3 g5 38. hxg5 hxg5 39. Kf2 f4 40. Ke2 Rb2+ 41. Kd3 Rxg2 42. Kd4 Bxf3 43. Ke5 Kg6 44. b7 Bxb7 0-1


[Site "https://www.chess.com"]

[Event "Titled Tuesday Blitz August 22 Late 2023"]
[White "Hakobyan, Aram"]
[Black "Korchmar, Vasiliy"]
[WhiteFideId "13306677"]
[BlackFideId "24131750"]
[WhiteElo "2988"]
[BlackElo "2666"]
[Result "1-0"]
[Round "7"]
[TimeControl "180+1"]
[Date "2023.08.22"]
[WhiteClock "0:00:48"]
[BlackClock "0:00:00"]
[Board "31"]

1. d4 d5 2. c4 c6 3. Nc3 Nf6 4. Nf3 e6 5. Qc2 Nbd7 6. Bg5 Be7 7. e3 O-O 8. Rd1 h6 9. Bf4 a6 10. a3 b5 11. c5 Nh5 12. h4 Nxf4 13. exf4 a5 14. b4 axb4 15. axb4 f6 16. Qg6 Qe8 17. Bd3 Qxg6 18. Bxg6 Ra3 19. Kd2 e5 20. h5 exd4 21. Nxd4 Nxc5 22. bxc5 Bxc5 23. Nc2 Ra7 24. Ra1 b4 25. Ne2 b3 26. Rxa7 Bxa7 27. Ncd4 b2 28. Rb1 c5 29. Nc6 Bb6 30. Rxb2 Bc7 31. Ne7+ Kh8 32. Nxc8 Rxc8 33. Rb7 d4 34. Kd3 Kg8 35. Bf5 1-0


[Site "https://www.chess.com"]

[Event "Titled Tuesday Blitz August 22 Late 2023"]
[White "Piesik, Piotr"]
[Black "Santos Latasa, Jaime"]
[WhiteFideId "1136194"]
[BlackFideId "2293307"]
[WhiteElo "2664"]
[BlackElo "2957"]
[Result "1/2-1/2"]
[Round "7"]
[TimeControl "180+1"]
[Date "2023.08.22"]
[WhiteClock "0:00:08"]
[BlackClock "0:00:19"]
[Board "32"]

1. Nf3 c5 2. e4 Nc6 3. Bb5 e6 4. Bxc6 bxc6 5. e5 f6 6. O-O Nh6 7. d3 Nf7 8. Qe2 Be7 9. Nbd2 O-O 10. Nc4 fxe5 11. Nfxe5 Nxe5 12. Nxe5 Qe8 13. f4 d6 14. Nc4 Qg6 15. Bd2 e5 16. fxe5 Bg4 17. Qe4 Rxf1+ 18. Kxf1 Rf8+ 19. Kg1 Qxe4 20. dxe4 d5 21. exd5 cxd5 22. Nd6 d4 23. Rf1 Rd8 24. Bf4 c4 25. h3 Be2 26. Rc1 g5 27. Bd2 Rb8 28. Re1 Rxb2 29. Rxe2 Rxc2 30. Nxc4 Rxc4 31. Kf1 Kf7 32. e6+ Kf6 33. Be1 Rc6 34. Bf2 Rc1+ 35. Re1 Rxe1+ 36. Kxe1 Bc5 37. Kd2 Kxe6 38. Kd3 Kd5 39. g4 Bb6 40. Bg3 Bd8 41. Bf2 Bf6 42. Bg3 Be5 43. Bf2 Bf4 44. Bxd4 a6 45. a4 Bc1 46. Bf6 Bf4 47. Bd4 Bc1 48. Bf6 Bf4 49. Bd4 1/2-1/2


[Site "https://www.chess.com"]

[Event "Titled Tuesday Blitz August 22 Late 2023"]
[White "Makarian, Rudik"]
[Black "Pham, Le Thao Nguyen"]
[WhiteFideId "44105681"]
[BlackFideId "12401226"]
[WhiteElo "2910"]
[BlackElo "2654"]
[Result "1-0"]
[Round "7"]
[TimeControl "180+1"]
[Date "2023.08.22"]
[WhiteClock "0:00:26"]
[BlackClock "0:00:00"]
[Board "33"]

1. d4 Nf6 2. c4 e6 3. Nf3 Bb4+ 4. Bd2 Qe7 5. g3 O-O 6. Bg2 Bxd2+ 7. Qxd2 d6 8. Nc3 e5 9. O-O Re8 10. e4 c6 11. Rad1 Bg4 12. Rfe1 Nbd7 13. h3 Bxf3 14. Bxf3 Red8 15. b3 Rab8 16. h4 a6 17. Bg2 h6 18. Bh3 b5 19. cxb5 axb5 20. Kg2 Nb6 21. Qe3 b4 22. dxe5 dxe5 23. Rxd8+ Qxd8 24. Rd1 Qe7 25. Ne2 c5 26. Rc1 Nfd7 27. Ng1 Ra8 28. Rc2 Ra5 29. Nf3 Nb8 30. h5 Nc6 31. Qd3 Nd4 32. Nxd4 exd4 33. f4 Qa7 34. Qe2 Na8 35. Bf5 Nc7 36. Kh2 Qa6 37. Qd2 Nb5 38. Rxc5 Rxa2 39. Rc8+ Qxc8 40. Qxa2 Qd8 41. e5 d3 42. Qd2 Qd4 43. Qxd3 Qxd3 44. Bxd3 Nd4 45. Bc4 Kf8 46. Kg2 Ke7 47. Kf2 f6 48. exf6+ gxf6 49. g4 Kd6 50. Ke3 Nc2+ 51. Ke4 Ne1 52. Kf5 Ke7 53. Kg6 Nf3 54. Kxh6 Nd2 55. Bd5 Kd6 56. Bf7 Ne4 57. Kg7 Ke7 58. h6 1-0


[Site "https://www.chess.com"]

[Event "Titled Tuesday Blitz August 22 Late 2023"]
[White "Mendez Fortes, Eduardo Jesus"]
[Black "Mikaelyan, Arman"]
[WhiteFideId "3502376"]
[BlackFideId "13304852"]
[WhiteElo "2647"]
[BlackElo "2898"]
[Result "1/2-1/2"]
[Round "7"]
[TimeControl "180+1"]
[Date "2023.08.22"]
[WhiteClock "0:00:05"]
[BlackClock "0:00:01"]
[Board "34"]

1. e4 h6 2. d4 c6 3. Nc3 g6 4. f4 Bg7 5. Nf3 d5 6. e5 Bg4 7. h3 Bxf3 8. Qxf3 h5 9. Be3 Nh6 10. g4 e6 11. O-O-O Nd7 12. Bd3 b5 13. f5 gxf5 14. gxf5 Nxf5 15. Bxf5 exf5 16. Rhg1 Bf8 17. Qxf5 Qe7 18. Rdf1 Bh6 19. Bxh6 Rxh6 20. Rg8+ Nf8 21. Ne2 Rg6 22. Rh8 Qg5+ 23. Qxg5 Rxg5 24. e6 Rg7 25. Nf4 Rh7 26. Rxh7 Nxh7 27. exf7+ Kxf7 28. Nxh5+ Kg6 29. Nf4+ Kg5 30. Nd3 Nf6 31. h4+ Kg6 32. Ne5+ Kg7 33. Nxc6 Ne4 34. Ne5 Rh8 35. Rg1+ Kf6 36. Rh1 Ng3 37. Rh3 Ne2+ 38. Kd2 Nxd4 39. Nd3 Nf5 40. h5 Kg5 41. Kc3 Rc8+ 42. Kd2 d4 43. Ne5 Kf4 44. Nd3+ Kg4 45. Rh1 Ng3 46. Rg1 Kf3 47. Ne5+ Kf2 48. Rd1 Re8 49. Nd3+ Kf3 50. h6 Re6 51. h7 Rh6 52. Ne5+ Kg2 53. a3 Rxh7 54. b4 Rh3 55. Nd3 Ne4+ 56. Kc1 Rh8 57. Kb2 Rc8 58. Nc1 Rc4 59. Nb3 Nc3 60. Rxd4 Na4+ 61. Kc1 Rc8 62. Rd5 Nc3 63. Rd7 a6 64. Rd6 Kf3 65. Rxa6 Na4 66. Re6 Rd8 67. Re5 Nc3 68. Rc5 Ne2+ 69. Kb2 Rb8 70. Rf5+ Ke4 71. Rf7 Ke3 72. Nc5 Nd4 73. Re7+ Kf2 74. Rd7 Nf3 75. Rb7 Rc8 76. Rxb5 Ne5 77. Rb7 Nc4+ 78. Kb3 Ne3 79. a4 Ke2 80. Re7 Kd2 81. a5 Nxc2 82. Rd7+ Kc1 83. a6 Na1+ 84. Ka4 Kb2 85. a7 Nc2 86. Rd2 Kc3 87. Rxc2+ Kxc2 88. b5 Kc3 89. b6 Ra8 90. Kb5 Rxa7 91. Na6 Rb7 92. Kc6 Rxb6+ 93. Kxb6 1/2-1/2


[Site "https://www.chess.com"]

[Event "Titled Tuesday Blitz August 22 Late 2023"]
[White "Almiron, Antonio"]
[Black "Ibarra Jerez, Jose Carlos"]
[WhiteFideId "3701166"]
[BlackFideId "2226332"]
[WhiteElo "2644"]
[BlackElo "2892"]
[Result "0-1"]
[Round "7"]
[TimeControl "180+1"]
[Date "2023.08.22"]
[WhiteClock "0:00:11"]
[BlackClock "0:01:25"]
[Board "35"]

1. e4 c5 2. Nf3 e6 3. d4 cxd4 4. Nxd4 Bc5 5. Nb3 Bb6 6. Nc3 Ne7 7. Qe2 O-O 8. Be3 f5 9. O-O-O f4 10. Bxb6 Qxb6 11. f3 Nbc6 12. Qd2 Ng6 13. Qd6 a6 14. h4 Nge5 15. h5 h6 16. Kb1 Qd8 17. Nc5 Qg5 18. Nd3 Nc4 19. Qc5 Ne3 20. Re1 d5 21. Nxf4 Qxf4 22. Qxe3 Qxe3 23. Rxe3 d4 24. Rd3 dxc3 25. Rxc3 Rd8 26. Be2 e5 27. Bc4+ Kf8 28. Bd5 Bd7 29. Rf1 Ke7 30. f4 exf4 31. Rxf4 Rf8 32. Rcf3 0-1


[Site "https://www.chess.com"]

[Event "Titled Tuesday Blitz August 22 Late 2023"]
[White "Rasulov, Vugar"]
[Black "Jakubowski, Krzysztof"]
[WhiteFideId "13402390"]
[BlackFideId "1112848"]
[WhiteElo "2889"]
[BlackElo "2633"]
[Result "1-0"]
[Round "7"]
[TimeControl "180+1"]
[Date "2023.08.22"]
[WhiteClock "0:00:13"]
[BlackClock "0:00:00"]
[Board "36"]

1. a3 g6 2. h4 h5 3. Nf3 Bg7 4. e4 c5 5. Nc3 Nc6 6. b4 cxb4 7. axb4 Nxb4 8. d4 Nc6 9. Bc4 d6 10. Ng5 Nh6 11. Be3 O-O 12. f3 e5 13. d5 Nd4 14. Ne2 Qc7 15. Bd3 Nxe2 16. Qxe2 Qc3+ 17. Kf2 f5 18. Rhb1 fxe4 19. Nxe4 Qc7 20. Kg1 Nf5 21. Bf2 a5 22. Ng5 Bf6 23. Qd2 a4 24. Ra3 Bd7 25. Rb4 Rae8 26. Rc3 Qa5 27. Ra3 Bxg5 28. hxg5 b5 29. c3 Rc8 30. Qb2 Rb8 31. c4 Nd4 32. Bxd4 exd4 33. cxb5 Qb6 34. Qxd4 Qxd4+ 35. Rxd4 Bxb5 36. Bxg6 Rb7 37. Bxh5 Bd7 38. Bg4 Be8 39. f4 Kg7 40. f5 Rh8 41. Bf3 1-0


[Site "https://www.chess.com"]

[Event "Titled Tuesday Blitz August 22 Late 2023"]
[White "Cordova, Emilio"]
[Black "Ibadov, Dashgyn"]
[WhiteFideId "3801497"]
[BlackFideId "24107514"]
[WhiteElo "2867"]
[BlackElo "2603"]
[Result "0-1"]
[Round "7"]
[TimeControl "180+1"]
[Date "2023.08.22"]
[WhiteClock "0:00:18"]
[BlackClock "0:00:06"]
[Board "37"]

1. d4 d5 2. c4 e6 3. Nc3 c6 4. Nf3 Nf6 5. Bg5 Nbd7 6. e3 Qa5 7. Nd2 Bb4 8. Qc2 dxc4 9. Bxf6 Nxf6 10. Nxc4 Qc7 11. Bd3 c5 12. O-O Bd7 13. Ne5 cxd4 14. exd4 O-O 15. Rac1 Rac8 16. Qe2 Bxc3 17. bxc3 h6 18. f4 Qd6 19. g4 Nd5 20. Nc4 Qc7 21. Qf3 b5 22. Ne5 Nxc3 23. g5 Qd6 24. Qe3 Nd5 25. Qg3 hxg5 26. fxg5 Rxc1 27. Rxc1 Nb4 28. Qf4 Nxd3 29. Nxd3 Qxf4 30. Nxf4 Rc8 31. Rc5 Rxc5 32. dxc5 Kf8 33. Nd3 Ke7 34. h4 a5 35. h5 b4 36. h6 gxh6 37. gxh6 Kf6 38. Ne5 Bc8 39. Kf2 a4 40. Nd3 b3 41. a3 Kg6 42. Nb2 Bd7 43. Ke3 Kxh6 44. Kd3 Kg5 45. Kc3 f5 46. Nc4 f4 47. Ne5 Bc8 48. Nf7+ Kg4 49. c6 f3 50. Nd6 f2 51. Nxc8 f1=Q 52. Nd6 Qc1+ 53. Kb4 Qxc6 0-1


[Site "https://www.chess.com"]

[Event "Titled Tuesday Blitz August 22 Late 2023"]
[White "Ribeiro, Matheus Mendes Domingues"]
[Black "Durarbayli, Vasif"]
[WhiteFideId "324226923"]
[BlackFideId "13402935"]
[WhiteElo "2603"]
[BlackElo "2864"]
[Result "1/2-1/2"]
[Round "7"]
[TimeControl "180+1"]
[Date "2023.08.22"]
[WhiteClock "0:00:32"]
[BlackClock "0:02:24"]
[Board "38"]

1. c4 c5 2. Nc3 Nf6 3. Nf3 e6 4. e3 Nc6 5. d4 d5 6. cxd5 exd5 7. Be2 cxd4 8. Nxd4 Bd6 9. O-O O-O 10. b3 Nxd4 11. Qxd4 Qc7 12. Nb5 Bxh2+ 13. Kh1 Qb8 14. g3 Bxg3 15. fxg3 a6 16. Rxf6 gxf6 17. Qxf6 Qxg3 18. Bb2 Qh3+ 19. Kg1 Qg3+ 20. Kh1 Qh3+ 21. Kg1 Qg3+ 22. Kh1 1/2-1/2


[Site "https://www.chess.com"]

[Event "Titled Tuesday Blitz August 22 Late 2023"]
[White "Zierk, Steven"]
[Black "Veiga, Jose Francisco R P Neves"]
[WhiteFideId "2034255"]
[BlackFideId "1930087"]
[WhiteElo "2859"]
[BlackElo "2601"]
[Result "1-0"]
[Round "7"]
[TimeControl "180+1"]
[Date "2023.08.22"]
[WhiteClock "0:02:23"]
[BlackClock "0:01:26"]
[Board "39"]

1. e4 c6 2. d4 d5 3. exd5 cxd5 4. Bd3 Nc6 5. c3 Qc7 6. Ne2 Bg4 7. O-O e6 8. Qe1 Bd6 9. f3 Bh5 10. Qh4 Nf6 11. Bg5 Bg6 12. Bxg6 fxg6 13. Bxf6 gxf6 14. Qxf6 Rf8 15. Qxe6+ Ne7 16. g3 Rd8 17. Nd2 Rd7 18. c4 dxc4 19. Nxc4 Bxg3 20. hxg3 Rxd4 21. Rac1 1-0


[Site "https://www.chess.com"]

[Event "Titled Tuesday Blitz August 22 Late 2023"]
[White "Postlmayer, Jakob"]
[Black "Klukin, Kirill"]
[WhiteFideId "1643622"]
[BlackFideId "24199273"]
[WhiteElo "2598"]
[BlackElo "2826"]
[Result "1-0"]
[Round "7"]
[TimeControl "180+1"]
[Date "2023.08.22"]
[WhiteClock "0:00:05"]
[BlackClock "0:00:01"]
[Board "40"]

1. d4 d5 2. Nf3 c6 3. Bf4 Bf5 4. e3 e6 5. c4 Nf6 6. Qb3 Qc8 7. Nc3 Nbd7 8. Rc1 Be7 9. h3 h6 10. Be2 O-O 11. O-O Nb6 12. Ne5 Nfd7 13. Nxd7 Qxd7 14. c5 Nc8 15. Qa4 b5 16. Qa6 Bg5 17. Bg3 Ne7 18. b4 Qc8 19. Qxc8 Nxc8 20. a4 a6 21. Ra1 Ne7 22. Ra2 a5 23. axb5 axb4 24. Rxa8 Rxa8 25. b6 e5 26. Bxe5 Bc8 27. Nb1 Ra2 28. Bd3 Bf6 29. Bxf6 gxf6 30. Rd1 Bb7 31. Kf1 Kf8 32. Ke1 Ke8 33. Rd2 Ra4 34. Rb2 Kd8 35. Kd2 Kc8 36. Bc2 Ra1 37. Rxb4 Kb8 38. Rb2 Ra5 39. Bd3 Bc8 40. Nc3 Bf5 41. Be2 Kb7 42. g4 Bg6 43. Ra2 Rxa2+ 44. Nxa2 f5 45. Nb4 fxg4 46. hxg4 f5 47. gxf5 Bxf5 48. Ke1 Bd7 49. Kf1 Nf5 50. Kg2 Nh4+ 51. Kg3 Ng6 52. Bd3 Ne7 53. f3 Be8 54. e4 Bg6 55. Kg4 Ng8 56. exd5 Bxd3 57. dxc6+ Kc8 58. Nxd3 Nf6+ 59. Kf5 Nd5 60. Ke5 Ne7 61. d5 h5 62. c7 h4 63. Nf4 Kd7 64. c6+ Kc8 65. Ke6 Nxd5 66. Kxd5 h3 67. Kd6 1-0


[Site "https://www.chess.com"]

[Event "Titled Tuesday Blitz August 22 Late 2023"]
[White "Diaz Camallonga, Carles"]
[Black "Auger_Pi"]
[WhiteFideId "22235256"]
[WhiteElo "2803"]
[BlackElo "2584"]
[Result "1-0"]
[Round "7"]
[TimeControl "180+1"]
[Date "2023.08.22"]
[WhiteClock "0:02:48"]
[BlackClock "0:00:04"]
[Board "41"]

1. e4 c5 2. Nf3 d6 3. Bb5+ Bd7 4. Bxd7+ Qxd7 5. c4 Nc6 6. d4 cxd4 7. Nxd4 Nf6 8. Nc3 g6 9. f3 Bg7 10. Be3 O-O 11. O-O a6 12. a4 Rfc8 13. Nde2 Na5 14. b3 Rab8 15. Rb1 Ne8 16. Nd5 b5 17. Nb6 1-0


[Site "https://www.chess.com"]

[Event "Titled Tuesday Blitz August 22 Late 2023"]
[White "Willy, Stephen"]
[Black "Hambleton, Aman"]
[WhiteFideId "30981468"]
[BlackFideId "2606577"]
[WhiteElo "2582"]
[BlackElo "2799"]
[Result "1-0"]
[Round "7"]
[TimeControl "180+1"]
[Date "2023.08.22"]
[WhiteClock "0:00:37"]
[BlackClock "0:00:00"]
[Board "42"]

1. e4 b6 2. d4 Bb7 3. Bd3 e6 4. Nc3 Nf6 5. Qe2 Bb4 6. Bd2 d5 7. e5 Bxc3 8. Bxc3 Ne4 9. Bb4 Nc6 10. Bb5 Qh4 11. Nf3 Qg4 12. O-O-O O-O-O 13. Be1 Qxg2 14. Rg1 Qh3 15. Rd3 Qh6+ 16. Re3 f6 17. Kb1 fxe5 18. Bxc6 Bxc6 19. Nxe5 Bb7 20. f3 Nd6 21. Ra3 Kb8 22. Bd2 Qh5 23. Rxg7 Rhg8 24. Nd7+ Kc8 25. Nf6 Rxg7 26. Nxh5 Rg1+ 27. Bc1 Kb8 28. Ng3 Nc4 29. Rd3 Ba6 30. Qf2 1-0


[Site "https://www.chess.com"]

[Event "Titled Tuesday Blitz August 22 Late 2023"]
[White "Boor, Carl"]
[Black "Bauman_Guy"]
[WhiteFideId "2017008"]
[WhiteElo "2577"]
[BlackElo "2797"]
[Result "0-1"]
[Round "7"]
[TimeControl "180+1"]
[Date "2023.08.22"]
[WhiteClock "0:00:00"]
[BlackClock "0:00:19"]
[Board "43"]

1. d4 Nf6 2. c4 b6 3. f3 Bb7 4. e4 e6 5. Bd3 Bb4+ 6. Kf1 O-O 7. Ne2 Be7 8. Nbc3 d6 9. Be3 Nbd7 10. g4 e5 11. d5 Nc5 12. Ng3 Nfd7 13. Bc2 a5 14. Qd2 Ba6 15. b3 a4 16. Kg2 axb3 17. axb3 Bb7 18. Nf5 g6 19. Nxe7+ Qxe7 20. b4 Na6 21. Ne2 Rfb8 22. Rhg1 Nf8 23. Kh1 Bc8 24. Ng3 Bd7 25. Bh6 b5 26. Nf5 Bxf5 27. cxb5 Bc8 28. bxa6 Bxa6 29. Be3 Bb5 30. Ra5 c6 31. Rga1 Rxa5 32. Rxa5 cxd5 33. Qxd5 Be2 34. Kg2 Qf6 35. f4 Bxg4 36. f5 gxf5 37. exf5 Bxf5 38. Bxf5 Qxf5 39. Qxd6 Qe4+ 40. Kf2 Rc8 41. Ra2 Ne6 42. Re2 Qh4+ 43. Kg2 Qe4+ 44. Kf2 Rc2 0-1


[Site "https://www.chess.com"]

[Event "Titled Tuesday Blitz August 22 Late 2023"]
[White "Gorovets, Andrey"]
[Black "Kashefi, Amir Hosein"]
[WhiteFideId "13504037"]
[BlackFideId "12557935"]
[WhiteElo "2796"]
[BlackElo "2577"]
[Result "1-0"]
[Round "7"]
[TimeControl "180+1"]
[Date "2023.08.22"]
[WhiteClock "0:00:21"]
[BlackClock "0:00:00"]
[Board "44"]

1. d4 d5 2. c4 c6 3. Nf3 Nf6 4. Nc3 a6 5. g3 Bf5 6. Bg2 e6 7. Nh4 Bg6 8. Nxg6 hxg6 9. Qd3 Nbd7 10. O-O Be7 11. b3 O-O 12. Bb2 b5 13. Rfd1 Qb6 14. c5 Qc7 15. f4 a5 16. e3 Rfe8 17. a3 Qb7 18. b4 axb4 19. axb4 Rxa1 20. Rxa1 Ra8 21. Qb1 Ra6 22. Bf3 Qa8 23. g4 Rxa1 24. Qxa1 Qxa1+ 25. Bxa1 Ne8 26. g5 f5 27. Be2 Nc7 28. Nb1 Kf7 29. Nd2 Nb8 30. Bc3 Kg8 31. Kg2 Bd8 32. Nb3 Ne8 33. Nd2 Bc7 34. Nb1 Na6 35. Na3 Bb8 36. Nxb5 cxb5 37. Bxb5 Nec7 38. Ba4 Ba7 39. Kf2 Kf7 40. Ke2 Ke7 41. Kd3 Kd8 42. Kc2 Ke7 43. Kb3 Kd8 44. Bb2 Kc8 45. Ba3 Nb8 46. c6 Ne8 47. b5 Kc7 48. Bf8 Bb6 49. Kb4 Nd6 50. Bxg7 Nc4 51. h4 Ba5+ 52. Kb3 Nxe3 53. Be5+ Kc8 54. h5 1-0


[Site "https://www.chess.com"]